 Dungeon Crawl Stone Soup version 0.28-a0-447-g1f95980246 (webtiles) character file.

Game seed: 1379746954529933308

130 bjtr the Magician (level 4, -2/32 HPs)
             Began as a Demonspawn Hedge Wizard on Sept 13, 2021.
             Slain by a bullfrog (7 damage)
             ... in a sewer.
             The game lasted 00:16:12 (3380 turns).

bjtr the Magician (Demonspawn Hedge Wizard)         Turns: 3380, Time: 00:16:12

Health: -2/32      AC:  1    Str: 10    XL:     4   Next: 90%
Magic:  5/10       EV: 11    Int: 16    God:
Gold:   86         SH:  3    Dex: 15    Spells: 3/11 levels left

rFire   . . .      SeeInvis .   s - +0 flail
rCold   . . .      Faith    .   h - +0 buckler
rNeg    . . .      Spirit   .   b - +0 robe
rPois   .          Reflect  .   c - +0 hat
rElec   .          Harm     .   (no cloak)
rCorr   .          Rampage  .   (no gloves)
Will    .....                   (no boots)
Stlth   ++........              (no amulet)
HPRegen 0.10/turn               (no ring)
MPRegen 0.12/turn               (no ring)

@: no status effects
A: horns 2, agile 1, deformed body, wild magic 1
a: no special abilities


You were in a sewer.
You visited 1 branch of the dungeon, and saw 3 of its levels.
You also visited: Sewer.

You collected 86 gold pieces.

Inventory:

Hand Weapons
 a - a +0 dagger
 f - a +0 hand axe
 g - a +0 quarterstaff
 o - a +0 mace
 s - a +0 flail (weapon)
 t - a +0 fustibalus
Armour
 b - a +0 robe (worn)
 c - a +0 hat (worn)
 h - a +0 buckler (worn)
Magical Staves
 d - a staff of death
Jewellery
 e - an amulet of faith
Scrolls
 i - a scroll of holy word {unknown}
 j - 2 scrolls of identify {unknown}
 l - 3 scrolls of enchant armour {unknown}
 n - a scroll of brand weapon {unknown}
 p - a scroll of fear {unknown}
Potions
 k - a potion of heal wounds {unknown}
 m - a potion of attraction {unknown}
 q - a potion of curing


   Skills:
 * Level 1.6 Fighting
 + Level 0.8 Armour
 + Level 1.9 Dodging
 + Level 2.3 Stealth
 * Level 0.3 Shields
 * Level 4.1 Spellcasting
 * Level 1.8 Conjurations
 + Level 1.3 Summonings
 + Level 0.9 Translocations


You had 3 spell levels left.
You knew the following spells:

 Your Spells              Type           Power      Damage    Failure   Level
a - Magic Dart            Conj           44%        1d5       19%         1
b - Blink                 Tloc           N/A        N/A       36%         2
c - Call Imp              Summ           9%         N/A       32%         2
d - Mephitic Cloud        Conj/Pois/Air  6%         N/A       63%         3

Your spell library contained the following spells:

 Spells                   Type           Power      Damage    Failure   Level
 Slow                     Hex            4%         N/A       47%         2
 Conjure Flame            Conj/Fire      8%         6-21      58%         3
 Tukima's Dance           Hex            4%         N/A       71%         3
 Passage of Golubria      Tloc           N/A        N/A       92%         4
 Yara's Violent Unravell  Hex/Tmut       2%         3d3       100%        5


Dungeon Overview and Level Annotations

Branches:
Dungeon (3/15)              Sewer (1/1)

Altars:


Innate Abilities, Weirdness & Mutations

You have a pair of horns on your head.
You are agile. (Dex +2)
Armour fits poorly on your strangely shaped body.
Your spells are a little harder to cast, but a little more powerful.


Message History

Confirm with . or Enter, or press ? or * to list all spells.
Okay, then.
You barely miss the bullfrog. The bullfrog hits you. The bullfrog hits you!
Casting: Call Imp (dangerous; 24% risk of failure)
Confirm with . or Enter, or press ? or * to list all spells.
The spell is quite dangerous to cast (28% risk of failure)!
Continue anyway?
You blink.
Splash!
You fall into the shallow water.
Moving in this stuff is going to be slow.
The bullfrog closely misses you.
It was a potion of curing.
You feel better. The bullfrog hits you. x2
Casting: Blink (quite dangerous; 28% risk of failure)
Confirm with . or Enter, or press ? or * to list all spells.
A beastly little devil appears in a puff of flame.
The bullfrog hits you. The bullfrog closely misses you.
You block the bullfrog's attack.
Your crimson imp closely misses the bullfrog.
You block the bullfrog's attack.
Casting: Call Imp (dangerous; 24% risk of failure)
Confirm with . or Enter, or press ? or * to list all spells.
A shadowy apparition takes form in the air.
Your crimson imp disappears in a puff of smoke!
The bullfrog closely misses you. The bullfrog hits you.
You closely miss the bullfrog. The bullfrog hits you.
The bullfrog closely misses you.
Your shadow imp hits the bullfrog.
The bullfrog barely misses you.
You closely miss the bullfrog.
The bullfrog is lightly wounded.
Your shadow imp hits the bullfrog.
The bullfrog misses you.
Your shadow imp closely misses the bullfrog.
The bullfrog hits you.
* * * LOW HITPOINT WARNING * * *
Unknown command.
It was a potion of mutation.
You feel extremely strange.
You feel less in control of your magic.
You feel agile.
Your body twists and deforms.
The bullfrog hits you!
You die...

#.≈≈##.≈≈≈.# ######
#..≈##.≈≈≈.###≈≈≈≈≈#
#≈≈≈##.≈≈≈.#≈≈≈≈≈≈≈≈
#.≈.##.≈≈≈.#≈≈≈≈≈≈≈≈
##≈###.≈≈≈.≈≈≈≈≈≈≈≈≈
#.# #.≈≈≈.≈≈≈≈≈≈≈≈≈
#†# #.≈≈≈.≈≈≈≈≈≈.≈≈
#∩# #F5≈≈.≈≈≈≈≈.≈.≈
#.# #@≈≈≈≈≈≈≈≈≈).≈≈
#∩# #.≈≈≈≈≈≈≈≈?=/.≈
#.# #.≈≈≈≈≈≈≈≈≈!.≈≈
### #.≈≈≈≈≈≈≈≈.≈≈≈≈
#.≈≈≈≈≈≈≈≈≈..≈≈
#.≈≈≈≈≈≈≈ #.≈≈≈≈≈≈≈
#.≈≈≈≈≈≈≈ #.≈≈≈≈≈≈≈≈


You could see a bullfrog (ally target) and a friendly shadow imp (summoned).

Vanquished Creatures
  Terence (D:3)
  5 adders
  2 bats (D:1)
  2 endoplasms
  12 giant cockroaches
  3 goblins
  A hobgoblin (D:2)
  6 quokkas
  3 ball pythons
  4 frilled lizards
  2 rats (D:1)
41 creatures vanquished.

Vanquished Creatures (collateral kills)
  An adder (D:2)
  A worm (D:2)
  A ball python (D:3)
  An endoplasm (D:2)
  A goblin (D:3)
5 creatures vanquished.

Grand Total: 46 creatures vanquished

Notes
Turn   | Place    | Note
-------+----------+-------------------------------------------
     0 | D:1      | bjtr the Demonspawn Hedge Wizard began the quest for the
                  | Orb.
     0 | D:1      | Reached XP level 1. HP: 13/13 MP: 4/4
    33 | D:1      | You fall into a shaft and drop 1 floor!
   270 | D:1      | Found a faded altar of an unknown god.
   380 | D:1      | Gained mutation: You have a pair of small horns on your
                  | head. [demonic ancestry]
   380 | D:1      | Reached XP level 2. HP: 19/19 MP: 3/6
  1025 | D:2      | Reached XP level 3. HP: 25/25 MP: 1/7
  1181 | D:2      | Learned a level 2 spell: Blink
  1184 | D:2      | Learned a level 2 spell: Call Imp
  1188 | D:2      | Learned a level 3 spell: Mephitic Cloud
  1239 | D:2      | Reached skill level 1 in Fighting
  1999 | D:2      | Gained mutation: You have a pair of horns on your head.
                  | [demonic ancestry]
  1999 | D:2      | Reached XP level 4. HP: 32/32 MP: 0/9
  2270 | D:3      | Noticed Terence
  2578 | D:3      | Killed Terence
  2629 | D:3      | Found a glowing drain.
  2660 | Sewer    | Entered a sewer
  3103 | Sewer    | Reached skill level 4 in Spellcasting
  3363 | Sewer    | Noticed a bullfrog
  3380 | Sewer    | Gained mutation: Your spells are a little harder to cast,
                  | but a little more powerful. [potion of mutation]
  3380 | Sewer    | Gained mutation: You are agile. (Dex +2) [potion of
                  | mutation]
  3380 | Sewer    | Gained mutation: Armour fits poorly on your strangely
                  | shaped body. [potion of mutation]
  3380 | Sewer    | Slain by a bullfrog

Illustrated notes

Levels and vault maps discovered:
D:1:      dpeg_arrival_lava_temple_mockup, layout_basic,
          shapermc_ecumenical_altar_mp_ritualfount
D:2:      layout_basic
D:3:      layout_rooms, gup_sewer_entry_pipe, uniq_crazy_yiuf_cottage,
          uniq_terence
Sewer:    sewer_frog_island_01

Skill      XL: |  1  2  3  4 |
---------------+-------------+-----
Stealth        | 2 |  2.3
Fighting       | 1 |  1.6
Spellcasting   | 4 |  4.1
Armour         | |  0.8
Dodging        | |  1.9
Shields        | |  0.3
Conjurations   | |  1.8
Summonings     | |  1.3
Translocations | |  0.9

Action                   |  1- 3 |  4- 6 || total
-------------------------+-------+-------++-------
Melee: Staff             |    15 |       ||    15
       Dagger            |     2 |       ||     2
       Quarterstaff      |    12 |    22 ||    34
       Headbutt          |     2 |     7 ||     9
       Flail             |       |    27 ||    27
 Cast: Magic Dart        |    50 |    24 ||    74
       Call Imp          |     6 |     8 ||    14
       Blink             |       |     5 ||     5
  Use: Potion            |       |     2 ||     2
Armor: Robe              |     3 |     8 ||    11
Dodge: Dodged            |    25 |    39 ||    64
Block: Buckler           |       |     3 ||     3

Table legend: (Time is in decaauts)
 A = Elapsed time spent in this place.
 B = Non-inter-level travel time spent in this place.
 C = Inter-level travel time spent in this place.
 D = Time resting spent in this place.
 E = Time spent auto-exploring this place.
 F = Levels seen in this place.
 G = Mean time per level.
                   A        B        C        D        E       F      G
               +--------+--------+--------+--------+--------+-----+--------+
         Total |   3432 |   3356 |     76 |   1432 |   1265 |   4 |  858.0 |
       Dungeon |   2678 |   2602 |     76 |    985 |   1118 |   3 |  892.7 |
         Sewer |    754 |    754 |      0 |    447 |    147 |   1 |  754.0 |
               +--------+--------+--------+--------+--------+-----+--------+

Top non-repeatable levels by time:
     D:2: 1694 daAuts
     D:1: 830 daAuts
   Sewer: 754 daAuts
     D:3: 153 daAuts
